 Dungeon Crawl Stone Soup version 0.22-a0-51-g1bb26a1 (console) character file.

5980 Duffy the Destroyer (level 10, 61/61 HPs)
             Began as a Deep Elf Fire Elementalist on Jan 9, 2018.
             Was a Follower of Vehumet.
             Quit the game on level 7 of the Dungeon.
             The game lasted 00:18:08 (9821 turns).

Duffy the Destroyer (Deep Elf Fire Elementalist)    Turns: 9821, Time: 00:18:09

Health: 61/61      AC:  5    Str:  5    XL:     10   Next: 55%
Magic:  19/19      EV: 14    Int: 28    God:    Vehumet [*.....]
Gold:   465        SH:  0    Dex: 15    Spells: 6/19 levels left

rFire    . . .     SeeInvis .   o - +1 quarterstaff (protect)
rCold    . . .     Gourm    .   (shield currently unavailable)
rNeg     + . .     Faith    +   r - +0 leather armour {rPois}
rPois    +         Spirit   .   j - +0 helmet
rElec    .         Reflect  .   y - +0 cloak
rCorr    .         Harm     .   (no gloves)
MR       +....                  (no boots)
Stlth    ++........             C - amulet of faith
HPRegen  0.20/turn              p - +4 ring of intelligence
MPRegen  0.16/turn              z - ring of positive energy

@: no status effects
A: no striking features
a: Renounce Religion


You were on level 7 of the Dungeon.
You worshipped Vehumet.
Vehumet was aware of your devotion.
You were not hungry.

You visited 2 branches of the dungeon, and saw 9 of its levels.
You also visited: Bailey.

You collected 465 gold pieces.

Inventory:

Hand Weapons
 o - a +1 quarterstaff of protection (weapon)
 E - a +0 quarterstaff of draining
Armour
 a - a +0 robe
 j - a +0 helmet (worn)
 r - a +0 leather armour of poison resistance (worn)
 y - a +0 cloak (worn)
 D - the +5 buckler "Rutoomaoth" {*Corrode Str+7}
   (You found it in a bailey)

   It affects your strength (+7).
   It may corrode you when you take damage.
 F - a +2 shield of fire resistance
Magical Staves
 I - an uncursed staff of earth
Jewellery
 p - a +4 ring of intelligence (left hand)
 w - an uncursed amulet of the gourmand
 z - a ring of positive energy (right hand)
 A - an uncursed ring of ice
 C - an amulet of faith (around neck)
Wands
 G - a wand of enslavement (11)
 J - a wand of paralysis (16)
Scrolls
 d - 3 scrolls of fog {unknown}
 e - 8 scrolls of remove curse {unknown}
 g - 3 scrolls of enchant armour {unknown}
 h - 2 scrolls of identify
 k - 3 scrolls of blinking {unknown}
 n - a scroll of immolation
 q - a scroll of amnesia {unknown}
 t - a scroll of teleportation
 x - a scroll of random uselessness
Potions
 f - 2 potions of mutation
 i - 4 potions of curing
 l - a potion of haste
 m - 4 potions of agility
 s - 3 potions of ambrosia
 u - 2 potions of berserk rage
 v - 3 potions of heal wounds
 B - a potion of cancellation
 H - a potion of brilliance
 K - a potion of degeneration
 L - a potion of invisibility
Books
 b - a book of Flames

   Spells                             Type                      Level
   a - Flame Tongue                   Conjuration/Fire             1
   b - Throw Flame                    Conjuration/Fire             2
   c - Conjure Flame                  Conjuration/Fire             3
   d - Inner Flame                    Hexes/Fire                   3
   e - Sticky Flame                   Conjuration/Fire             4
   f - Fireball                       Conjuration/Fire             5
Comestibles
 c - 14 rations


   Skills:
 - Level 6.6 Fighting
 - Level 6.0 Dodging
 - Level 2.4 Stealth
 - Level 5.0 Spellcasting
 + Level 10.0 Conjurations
 + Level 10.0 Fire Magic


You had 6 spell levels left.
You knew the following spells:

 Your Spells              Type           Power        Failure   Level  Hunger
a - Flame Tongue          Conj/Fire      #####        1%          1    None
j - Sticky Flame          Conj/Fire      ######..     1%          4    ###....
k - Fireball              Conj/Fire      ######....   4%          5    #####..
l - Conjure Flame         Conj/Fire      ######..     1%          3    #......


Dungeon Overview and Level Annotations

Branches:
Dungeon (8/15)             Temple (1/1) D:7
   Lair: D:8-11

Altars:
Ashenzari
Cheibriados
Dithmenos
Elyvilon
Fedhas
Gozag
Hepliaklqana
Kikubaaqudgha
Makhleb
Nemelex Xobeh
Okawaru
Qazlal
Sif Muna
Trog
Vehumet
Wu Jian
Xom
Yredelemnul
Zin
The Shining One
Lugonu

Annotations:
D:8 Pawles22's ghost, novice GrMo


Message History

You hit the orc priest.
The orc priest is almost dead.
The orc priest calls down the wrath of Beogh upon you.
Pain shoots through your body! The orc priest barely misses you.
You thump the orc priest!
You kill the orc priest!
Vehumet accepts your kill.
Things that are here:
a mace; a scroll of magic mapping; an orc corpse You open the door.
There is an open door here.
Things that are here:
a mace; a scroll of magic mapping; an orc corpse You butcher the orc corpse.
Things that are here:
a mace; a scroll of magic mapping; 4 chunks of flesh Magic restored.
HP restored.
Done exploring.
Are you sure you want to abandon this character and quit the game? (Confirm with "yes".)

...# #.................# ...#
#..............)..# ...#
#.............)\).# ...#
#..............)..# ...#
#.....(...........#
...############.............##.##
...'..........'.........)......#
...############.............####
............###.@...........#
................[>###########
#888#........####'##
8...8.....#........#
8.>.8<..###...#....#
8...8....##...#....#
#8.8#.##[##...#....#
#...#....##...#....#########
#.#.#######...#............#


There were no monsters in sight!

Vanquished Creatures
  The ghost of KristoblXynda the Covert, a novice NaGl of Okawaru (D:7)
  Pikel (D:4)
  Joseph (D:7)
  Prince Ribbit (D:8)
  Grinder (D:4)
  A hippogriff (D:7)
  4 hogs (D:7)
  A human (D:7)
  A warg (D:8)
  Menkaure (D:7)
  4 orc warriors
  An ice beast (D:5)
  A sky beast (D:6)
  6 ogres
  4 centaurs
  2 big kobolds (D:8)
  3 bullfrogs
  Blork the orc (D:6)
  A scorpion (D:7)
  A wyvern skeleton (D:6)
  4 killer bees (D:8)
  8 wights
  3 howler monkeys
  2 crimson imps (D:7)
  2 bullfrog zombies (D:6)
  2 jellies
  A bullfrog skeleton (D:6)
  A hound (D:6)
  3 orc priests
  An orc wizard (D:6)
  4 worker ants
  A hound zombie (D:5)
  3 hound skeletons
  A worker ant zombie (D:8)
  3 adders
  A gnoll (D:5)
  A shadow imp (D:5)
  An ooze (D:1)
  An adder skeleton (D:7)
  A dart slug (D:3)
  5 leopard geckos
  13 orcs
  8 bats
  2 giant cockroaches
  9 goblins
  11 hobgoblins
  4 jackals (D:7)
  2 quokkas
  2 frilled lizards
  23 kobolds
  7 rats
167 creatures vanquished.

Vanquished Creatures (others)
  A dart slug (D:4)
  2 plants (D:8)
3 creatures vanquished.

Grand Total: 170 creatures vanquished

Notes
Turn   | Place    | Note
-------+----------+-------------------------------------------
     0 | D:1      | Duffy the Deep Elf Fire Elementalist began the quest for the Orb.
     0 | D:1      | Reached XP level 1. HP: 10/10 MP: 6/6
    83 | D:2      | Reached XP level 2. HP: 15/15 MP: 4/8
   806 | D:1      | Reached XP level 3. HP: 19/19 MP: 4/9
   811 | D:1      | Learned a level 3 spell: Conjure Flame
  1707 | D:2      | Found a deep blue altar of Sif Muna.
  1951 | D:2      | Found a burning altar of Makhleb.
  2131 | D:3      | Found a bloodstained altar of Trog.
  2296 | D:3      | Reached XP level 4. HP: 24/24 MP: 7/10
  2302 | D:3      | Learned a level 4 spell: Sticky Flame
  2526 | D:3      | Found a glowing golden altar of the Shining One.
  2527 | D:3      | Found a glowing silver altar of Zin.
  2527 | D:3      | Found a white marble altar of Elyvilon.
  2547 | D:3      | Noticed a centaur
  2801 | D:4      | Noticed an ogre
  2839 | D:4      | Killed an ogre
  2839 | D:4      | Reached XP level 5. HP: 28/28 MP: 0/12
  3028 | D:4      | Noticed Pikel
  3029 | D:4      | Noticed a slave
  3029 | D:4      | Noticed a slave
  3029 | D:4      | Noticed a slave
  3029 | D:4      | Noticed a slave
  3050 | D:4      | Killed Pikel
  3050 | D:4      | Reached skill level 5 in Spellcasting
  3050 | D:4      | Reached skill level 5 in Conjurations
  3050 | D:4      | Reached skill level 5 in Fire Magic
  3050 | D:4      | Reached XP level 6. HP: 29/32 MP: 5/15
  3050 | D:4      | Reached XP level 7. HP: 32/36 MP: 5/16
  3127 | D:4      | Learned a level 5 spell: Fireball
  3179 | D:4      | Noticed Grinder
  3245 | D:4      | Paralysed by Grinder for 7 turns
  3250 | D:4      | Killed Grinder
  3250 | D:4      | Reached skill level 1 in Fighting
  3869 | D:5      | Entered Level 5 of the Dungeon
  3910 | D:5      | Reached XP level 8. HP: 45/45 MP: 8/17
  3995 | D:5      | Found a blossoming altar of Fedhas.
  3998 | D:5      | Found a stormy altar of Qazlal.
  4033 | D:5      | Reached skill level 5 in Dodging
  4119 | D:5      | Found a bloodstained altar of Trog.
  4120 | D:5      | Found an iron altar of Okawaru.
  4399 | D:5      | Found a shadowy altar of Dithmenos.
  5414 | D:6      | Reached skill level 5 in Fighting
  5919 | D:6      | Reached XP level 9. HP: 55/55 MP: 6/18
  6101 | D:6      | Noticed Blork the orc
  6106 | D:6      | Killed Blork the orc
  6826 | D:7      | Noticed Menkaure
  6882 | D:7      | Killed Menkaure
  6970 | D:7      | Found a flagged portal.
  7018 | Bailey   | Entered a bailey
  7294 | Bailey   | Got a steaming buckler
  7310 | Bailey   | Identified the +5 buckler "Rutoomaoth" {*Corrode Str+7} (You found it in a bailey)
  7553 | Bailey   | Found a bloodstained altar of Trog.
  7826 | D:7      | Noticed Joseph
  7865 | D:7      | Killed Joseph
  8190 | D:7      | Noticed KristoblXynda's ghost (novice NaGl)
  8201 | D:7      | Killed KristoblXynda's ghost
  8201 | D:7      | Reached XP level 10. HP: 25/61 MP: 7/19
  8442 | D:7      | Found a staircase to the Ecumenical Temple.
  8467 | Temple   | Entered the Ecumenical Temple
  8506 | Temple   | Became a worshipper of Vehumet
  9381 | D:8      | Noticed Prince Ribbit
  9388 | D:8      | Killed Prince Ribbit
  9600 | D:8      | Found a sparkling altar of Nemelex Xobeh.
  9622 | D:8      | Reached skill level 10 in Conjurations
  9622 | D:8      | Reached skill level 10 in Fire Magic
  9623 | D:8      | Reached * piety under Vehumet
  9623 | D:8      | Offered knowledge of Shock by Vehumet.
  9627 | D:8      | Noticed Pawles22's ghost (novice GrMo)
  9821 | D:7      | Quit the game

Vault maps used:
D:1:      lemuel_arrival_river_ford, corexii_leaking_fountain
D:2:      nicolae_overflow_crystal_walls, old_standard_altar, first_ration
D:3:      good_gods_temple_1, trog_butcher_becter
D:4:      minmay_misc_feat_room, uniq_pikel, uniq_grinder
D:5:      grunt_temple_overflow_bloody_war,
          grunt_temple_overflow_forces_of_nature, grunt_dithmenos_smoke
D:6:      kennysheep_generic_room_6, uniq_blork_the_orc
D:7:      nicolae_overflow_hidden_temple, minmay_temple_entry_statues,
          enter_bailey_2, grunt_livestock, uniq_joseph, uniq_menkaure
D:8:      lemuel_crystal_altar, erik_lair_orcish_takeover, elyvilon_altar_5,
          uniq_prince_ribbit1
Temple:   corrupted_temple
Bailey:   bailey_axe_3, bailey

Skill      XL: |  1  2  3  4  5  6  7  8  9 10 |
---------------+-------------------------------+-----
Conjurations   | 2 3 4 5 6 8 10 | 10.0
Fire Magic     | 4 5 6 8 10 | 10.0
Spellcasting   | 5 |  5.0
Fighting       | 2 6 |  6.6
Dodging        | 4 6 |  6.0
Stealth        | |  2.4

Action                   |  1- 3 |  4- 6 |  7- 9 | 10-12 || total
-------------------------+-------+-------+-------+-------++-------
Melee: Quarterstaff      |       |       |    46 |    44 ||    90
       Unarmed           |       |       |    19 |       ||    19
       Staff             |       |       |     2 |       ||     2
 Cast: Flame Tongue      |    70 |    29 |   187 |    49 ||   335
       Conjure Flame     |       |     3 |    10 |       ||    13
       Sticky Flame      |       |     2 |    25 |    16 ||    43
       Fireball          |       |       |     3 |     3 ||     6
Evoke: Wand              |       |       |       |     4 ||     4
  Use: Scroll            |       |       |    11 |     6 ||    17
       Potion            |       |       |     2 |       ||     2
  Eat: Chunk             |     4 |     1 |    24 |     3 ||    32
       Ration            |       |     1 |     1 |       ||     2
Armor: Robe              |     9 |     2 |    34 |       ||    45
       Skin              |       |       |    23 |       ||    23
       Leather armour    |       |       |       |    20 ||    20
Dodge: Dodged            |    14 |     3 |   140 |    67 ||   224

Table legend:
 A = Spawn XP
 B = Non-spawn XP
 C = Spawn XP percentage of total XP
 D = Spawn monster count
 E = Non-spawn monster count
 F = Spawn count percentage of total count
 G = Total turns spent on level
                    A         B        C        D         E        F      G
               +---------+---------+-------+---------+---------+-------+---------
         Total |       0 |    8544 |   0.0 |       0 |     167 |   0.0 |  9821
               +---------+---------+-------+---------+---------+-------+---------
           D:1 |       0 |      40 |   0.0 |       0 |      19 |   0.0 |  1305
           D:2 |       0 |      42 |   0.0 |       0 |      18 |   0.0 |   766
           D:3 |       0 |     157 |   0.0 |       0 |      20 |   0.0 |   842
           D:4 |       0 |    1225 |   0.0 |       0 |      11 |   0.0 |  1120
           D:5 |       0 |     603 |   0.0 |       0 |      11 |   0.0 |  1005
           D:6 |       0 |    1142 |   0.0 |       0 |      21 |   0.0 |  1731
           D:7 |       0 |    3692 |   0.0 |       0 |      30 |   0.0 |  1984
           D:8 |       0 |    1215 |   0.0 |       0 |      21 |   0.0 |   402
        Bailey |       0 |     428 |   0.0 |       0 |      16 |   0.0 |   612
               +---------+---------+-------+---------+---------+-------+---------
